 Dungeon Crawl Stone Soup version 0.32-a0-450-g080537f31e (webtiles) character file.

Game seed: 11193251862063384399

697 ragingrage the Carver (level 7, -8/50 HPs)
             Began as a Coglin Warper on Feb 23, 2024.
             Was an Initiate of Okawaru.
             Mangled by an ogre
             ... wielding a +0 giant spiked club
              (33 damage)
             ... on level 6 of the Dungeon.
             The game lasted 00:05:16 (3817 turns).

ragingrage the Carver (Coglin Warper)               Turns: 3817, Time: 00:05:16

Health: -8/50      AC:  6    Str: 11    XL:     7   Next: 65%
Magic:  18/18      EV: 11    Int: 13    God:    Okawaru [......]
Gold:   41         SH:  5    Dex: 21    Spells: 3/9 levels left

rFire   . . .        A - +0 long sword {Eunkyung}
rCold   . . .        x - +0 long sword {Chiraphon}
rNeg    . . .        E - +0 ring mail
rPois   .            (no helmet)
rElec   .            (no cloak)
rCorr   .            j - +0 pair of gloves
SInv    .            (no boots)
Will    .....        p - amulet of reflection
Stlth   ++           n - +6 ring of dexterity
HPRegen 0.28/turn    m - ring of magical power
MPRegen 0.16/turn

%: reflection
@: immotile, revved
A: off-hand wielding, slow wielding, warmup strikes, legs shutdown
a: Renounce Religion


You were on level 6 of the Dungeon.
You worshipped Okawaru.
Okawaru was noncommittal.
You visited 1 branch of the dungeon, and saw 6 of its levels.

You collected 269 gold pieces.
You spent 228 gold pieces at shops.

Inventory:

Hand Weapons
 x - a +0 long sword (offhand) {Chiraphon}
 A - a +0 long sword (weapon) {Eunkyung}
Missiles
 d - 7 darts of dispersal
 i - 10 poisoned darts (quivered)
Armour
 j - a +0 pair of gloves (worn)
 E - a +0 ring mail (worn)
Jewellery
 g - a ring of resist corrosion
 m - a ring of magical power (right grasper)
 n - a +6 ring of dexterity (left grasper)
 p - an amulet of reflection (around neck)
 t - a ring of flight
Talismans
 y - a maw talisman
Wands
 D - a wand of digging (8)
Scrolls
 c - a scroll of blinking
 h - 3 scrolls of revelation
 k - a scroll of enchant armour {unknown}
 l - a scroll of silence {unknown}
 q - a scroll of poison {unknown}
 u - a scroll of enchant weapon {unknown}
 w - a scroll of torment {unknown}
 B - a scroll of immolation {unknown}
Potions
 a - a potion of curing
 b - a potion of resistance
 f - a potion of berserk rage {unknown}
 o - a potion of might
 r - 3 potions of mutation
 s - 2 potions of haste
 v - a potion of enlightenment
 z - 2 potions of heal wounds
 C - a potion of attraction {unknown}


   Skills:
 - Level 2.0 Fighting
 + Level 8.0 Long Blades
 - Level 0.8 Throwing
 - Level 0.8 Armour
 - Level 1.7 Dodging
 - Level 2.0 Stealth
 - Level 1.7 Spellcasting
 - Level 3.0 Translocations


You had 3 spell levels left.
You knew the following spells:

 Your Spells              Type           Power      Damage    Failure   Level
a - Blink                 Tloc           16%        N/A       28%         2
b - Lesser Beckoning      Tloc           16%        N/A       28%         2
c - Ensorcelled Hibernat  Hex/Ice        2%         N/A       67%         2

Your spell library contained the following spells:

 Spells                   Type           Power      Damage    Failure   Level
 Momentum Strike          Conj/Tloc      10%        3d8       45%         2
 Teleport Other           Tloc           8%         N/A       50%         3
 Freeze                   Ice            4%         1d3       54%         1
 Magic Dart               Conj           4%         1d3       54%         1
 Cigotuvi's Dreadful Rot  Necr/Alch/Air  2%         N/A       67%         2
 Scorch                   Fire           2%         2d5       67%         2
 Searing Ray              Conj           2%         2d4       67%         2
 Frozen Ramparts          Ice            2%         1d1       88%         3
 Fugue of the Fallen      Necr           1%         N/A       88%         3
 Hailstorm                Conj/Ice       1%         3d5       88%         3
 Manifold Assault         Tloc           8%         N/A       88%         4
 Vhi's Electric Charge    Tloc/Air       10%        N/A       98%         4
 Anguish                  Hex/Necr       0%         N/A       99%         4
 Dispel Undead            Necr           1%         3d6       99%         4
 Flame Wave               Conj/Fire      1%         2d4       99%         4
 Fulminant Prism          Conj/Alch      0%         3d5       99%         4
 Sticky Flame             Fire/Alch      1%         2d4       99%         4
 Conjure Ball Lightning   Conj/Air       0%         3x3d6     100%        6
 Martyr's Knell           Necr/Summ      Unusable   N/A       N/A         4
 Death Channel            Necr           Unusable   N/A       N/A         6
 Summon Cactus Giant      Summ           Unusable   N/A       N/A         6

Dungeon Overview and Level Annotations

Branches:
Dungeon (6/15)
 Temple: D:4-7

Altars:
Ashenzari
Dithmenos
Okawaru
Yredelemnul

Shops:
D:4 :   D:5 *   D:6 (*!

Annotations:
D:1 exclusion: downstairs
D:2 Terence
D:4 1 runed translucent door, Shen's ghost, amateur CoFi


Innate Abilities, Weirdness & Mutations

You can wield a second weapon in your off-hand.
It takes a long time for you to wield or remove held weapons.
Your first few attacks do less damage.
Attacking and casting redirects power from your legs.


Message History

No target in view!
No target in view!
No target in view!
No target in view!
There is a stone staircase leading down here.
There is an entrance to Atofiawe's Weapon Boutique here.
You now have 41 gold pieces (gained 14).
A scorpion comes into view.
A scorpion is nearby!
A scorpion is nearby!
An ogre comes into view. It is wielding a +0 giant spiked club.
You throw a poisoned dart. The poisoned dart hits the scorpion.
The scorpion is poisoned.
You barely miss the scorpion with your +0 long sword.
You hit the scorpion with your +0 long sword.
You block the scorpion's attack.
You closely miss the scorpion with your +0 long sword.
You slash the scorpion with your +0 long sword!
You kill the scorpion!
Okawaru accepts your kill.
Your Long Blades skill increases to level 8!
You swing at nothing.
You start waiting.
Done waiting.
You see here a scorpion corpse.
i - 10 poisoned darts (gained 1)
The ogre shouts!
You slash the ogre with your +0 long sword!
You hit the ogre but do no damage. You block the ogre's attack.
You hit the ogre but do no damage.
You hit the ogre with your +0 long sword.
You barely miss the ogre with your +0 long sword.
You hit the ogre but do no damage.
The ogre hits you with a +0 giant spiked club!!
Ouch! That really hurt!
You hit the ogre with your +0 long sword.
You slash the ogre with your +0 long sword!
The ogre hits you with a +0 giant spiked club!!
Ouch! That really hurt!
You die...

#.#.....#
#.#......
#.#.#####..
#.#######..
#.#........
#†#........
#.#.......#
#..........
###@......#
#O......#
#.......#
#########


You could see an ogre.

Vanquished Creatures
  An ice beast (D:6)
  A black bear (D:6)
  5 scorpions
  A hound (D:4)
  A sleepcap (D:5)
  7 adders
  4 dart slugs
  A ribbon worm (D:5)
  9 orcs
  5 bats
  8 endoplasms
  4 giant cockroaches
  3 goblins
  9 hobgoblins
  A jackal (D:3)
  11 kobolds
  2 quokkas
  11 ball pythons
  2 frilled lizards
  5 rats
91 creatures vanquished.

Notes
Turn   | Place    | Note
-------+----------+-------------------------------------------
     0 | D:1      | ragingrage the Coglin Warper began the quest for the Orb.
     0 | D:1      | Reached XP level 1. HP: 16/16 MP: 3/3
    81 | D:1      | Reached XP level 2. HP: 22/22 MP: 4/4
    88 | D:1      | Reached skill level 1 in Stealth
   393 | D:1      | Reached XP level 3. HP: 27/27 MP: 5/5
   653 | D:2      | Reached skill level 3 in Long Blades
   671 | D:2      | Noticed Terence
   830 | D:2      | Reached XP level 4. HP: 28/33 MP: 6/6
  1059 | D:3      | Learned a level 2 spell: Blink
  1062 | D:3      | Learned a level 2 spell: Lesser Beckoning
  1149 | D:3      | Learned a level 2 spell: Ensorcelled Hibernation
  1414 | D:3      | Reached skill level 4 in Long Blades
  2144 | D:4      | Reached XP level 5. HP: 33/38 MP: 7/7
  2198 | D:4      | Found Gaxag's Vocational Training.
  2208 | D:4      | Got the Compilation of the Flying Pestle
  2214 | D:4      | Found a runed translucent door.
  2225 | D:4      | Noticed Shen's ghost (amateur CoFi)
  2367 | D:4      | Found a broken altar of Ashenzari.
  2517 | D:4      | Reached skill level 5 in Long Blades
  2517 | D:4      | Reached XP level 6. HP: 25/44 MP: 8/8
  2854 | D:5      | Entered Level 5 of the Dungeon
  2910 | D:5      | Reached skill level 6 in Long Blades
  2974 | D:5      | Found an iron altar of Okawaru.
  3005 | D:5      | Found a shadowy altar of Dithmenos.
  3030 | D:5      | Became a worshipper of Warmaster Okawaru
  3270 | D:5      | Found a basalt altar of Yredelemnul.
  3339 | D:5      | Found Ygutuff's Overcharged Wands.
  3525 | D:6      | Found Lovviarorph's Distillery.
  3531 | D:6      | Bought a potion of heal wounds for 60 gold pieces
  3531 | D:6      | Bought a potion of curing for 36 gold pieces
  3531 | D:6      | Bought a potion of resistance for 120 gold pieces
  3531 | D:6      | Bought a potion of degeneration for 12 gold pieces
  3560 | D:6      | Noticed a black bear
  3570 | D:6      | Killed a black bear
  3571 | D:6      | Reached skill level 7 in Long Blades
  3571 | D:6      | Reached XP level 7. HP: 42/50 MP: 9/9
  3598 | D:6      | Found Adwod's Assorted Antiques.
  3636 | D:6      | Found Atofiawe's Weapon Boutique.
  3708 | D:6      | Reached skill level 8 in Long Blades
  3817 | D:6      | Mangled by an ogre

Illustrated notes

Levels and vault maps discovered:
D:1:      lightli_arrival_statuegarden, layout_rooms, skrybe_limestone_x
D:2:      layout_basic, uniq_crazy_yiuf_cottage, uniq_terence
D:3:      layout_basic, amethyst_killhole, dreamdust_mushroom_princess,
          grunt_decor_clamped, minmay_splitting_lines, minmay_pentangle
D:4:      layout_basic, mainiacjoe_overflow_alcove_2, ebering_ghost_sewer_d,
          serial_forest, infiniplex_forest_clump_small,
          infiniplex_forest_straight_3, infiniplex_forest_straight_2,
          infiniplex_forest_lined_room_2, infiniplex_forest_end_1,
          infiniplex_forest_join, infiniplex_forest_end_1,
          infiniplex_forest_clump_diagonal, nicolae_shop_vocational
D:5:      layout_rooms, kennysheep_mini, grunt_dithmenos_smoke,
          lemuel_tele_altar, nicolae_shop_overcharged_wands
D:6:      layout_basic, serial_glass, glass_columns_c, glass_columns_b,
          serial_shops, nicolae_shop_tiny_waterfront, shop, shop, shop, shop,
          uniq_grinder

Skill      XL: |  1  2  3  4  5  6  7 |
---------------+----------------------+-----
Stealth        | 1 2 |  2.0
Long Blades    | 3 4 5 7 8 |  8.0
Fighting       | |  2.0
Throwing       | |  0.8
Armour         | |  0.8
Dodging        | |  1.7
Spellcasting   | |  1.7
Translocations | |  3.0

Action                     |  1- 3 |  4- 6 |  7- 9 || total
---------------------------+-------+-------+-------++-------
  Melee: Falchion          |    80 |    54 |       ||   134
         Short sword       |    42 |    52 |       ||    94
         Long sword        |       |    65 |    25 ||    90
  Throw: Dart              |       |    11 |     1 ||    12
    Use: Scroll            |       |     5 |       ||     5
   Stab: Sleeping          |     1 |     4 |     1 ||     6
         Distracted        |     1 |       |       ||     1
 Armour: Leather armour    |    53 |    46 |       ||    99
         Ring mail         |       |     4 |     3 ||     7
  Dodge: Dodged            |    47 |    46 |     4 ||    97
  Block: Other             |       |    11 |     3 ||    14
         Reflection        |       |     1 |       ||     1

Table legend: (Time is in decaauts)
 A = Elapsed time spent in this place.
 B = Non-inter-level travel time spent in this place.
 C = Inter-level travel time spent in this place.
 D = Time resting spent in this place.
 E = Time spent auto-exploring this place.
 F = Levels seen in this place.
 G = Mean time per level.
                   A        B        C        D        E       F      G
               +--------+--------+--------+--------+--------+-----+--------+
         Total |   3827 |   3650 |    177 |    450 |   2422 |   6 |  637.8 |
       Dungeon |   3827 |   3650 |    177 |    450 |   2422 |   6 |  637.8 |
               +--------+--------+--------+--------+--------+-----+--------+

Top non-repeatable levels by time:
     D:3: 974 daAuts
     D:4: 901 daAuts
     D:5: 672 daAuts
     D:1: 644 daAuts
     D:2: 343 daAuts
     D:6: 291 daAuts
